AoeStats
← xlyons64

Four Lakes

509537330Analyzed
1v1 RM · 5d ago on Sep 27, 2026· 25m 34s· 2 players
Game mode
Random Map
Map size
Tiny (2 player)
Population
200
Speed
Normal
Resources
Standard
Victory
Conquest
Starting age
Dark Age
Ending age
Imperial Age
RankedLock teamsTeams togetherTeam positionsShared explorationLock speedFull tech treeHidden civsTurbo modeCheats
Victory
Defeat
🇺🇸 Inca · United States
365
+20
🇺🇸 Persians · United States
455
-20
xlyons64
0:56 Loom
9:55 Feudal Age
10:56 Double-Bit Axe
20:43 Castle Age
19:11 Man-at-Arms
22:41 Horse Collar
23:14 Bow Saw
Cybestrian6042
11:14 Feudal Age
9:29 Loom
12:29 Double-Bit Axe
12:37 Stone Mining
12:40 Fishing Lines
13:13 Horse Collar
14:51 Gold Mining
24:23 Castle Age
23:40 Forging
23:31 Scale Mail Armor
23:22 Fletching
23:33 Padded Archer Armor
22:57 Champi Runner
Connection lost

Rejoining the realm…

Still unreachable

The connection could not be restored.

Session expired

The server has moved on; the page needs a fresh start.